 Dungeon Crawl Stone Soup version 0.29.0-4-gdea44cf6ec (webtiles) character file.

Game seed: 2360372649091851996

147 qw the Chopper (level 5, -2/30 HPs)
             Began as a Tengu Warper on Aug 28, 2022.
             Slain by a goblin
             ... wielding a +0 dagger
              (3 damage)
             ... on level 4 of the Dungeon.
             The game lasted 00:00:22 (3586 turns).

qw the Chopper (Tengu Warper)                       Turns: 3586, Time: 00:00:22

Health: -2/30      AC:  3    Str: 12 (14) XL:     5   Next: 29%
Magic:  9/9        EV: 14    Int: 13      God:
Gold:   197        SH:  0    Dex: 12 (13) Spells: 8/8 levels left

rFire   . . .      SeeInvis .   Y - +0 hand axe (freeze)
rCold   . . .      Faith    .   (no shield)
rNeg    . . .      Spirit   .   b - +0 leather armour
rPois   .          Reflect  .   (helmet restricted)
rElec   .          Harm     .   (no cloak)
rCorr   .          Rampage  .   (no gloves)
Will    .....                   (boots unavailable)
Stlth   +.........              (no amulet)
HPRegen 0.10/turn               (no ring)
MPRegen 0.11/turn               (no ring)

@: flying quickly and evasively, quick
A: beak, talons 3, nimble flight
a: no special abilities


You were on level 4 of the Dungeon.
You visited 1 branch of the dungeon, and saw 4 of its levels.

You collected 197 gold pieces.


Innate Abilities, Weirdness & Mutations

You have a beak for a mouth.
You have claws for feet.
Your magical nature lets you fly swiftly and evasively.


   Skills:
 - Level 2.0 Fighting
 + Level 5.9 Axes
 - Level 1.0 Throwing
 - Level 1.1 Armour
 - Level 2.1 Dodging
 - Level 2.0 Spellcasting
 - Level 2.4 Translocations


You had 8 spell levels left.
You didn't know any spells.
Your spell library contained the following spells:

 Spells                   Type           Power      Damage    Failure   Level
 Blink                    Tloc           14%        N/A       19%         2
 Gell's Gravitas          Tloc           7%         N/A       36%         3
 Lesser Beckoning         Tloc           7%         N/A       36%         3
 Teleport Other           Tloc           7%         N/A       36%         3
 Manifold Assault         Tloc           7%         N/A       98%         5

Inventory:

Hand Weapons
 d - a +5 whip
 Y - a +0 hand axe of freezing (weapon)
Armour
 b - a +0 leather armour (worn)
 j - a +0 chain mail
Scrolls
 h - 2 scrolls of teleportation
Potions
 a - a potion of haste {unknown}
 c - a potion of heal wounds {unknown}
 e - a potion of lignification {unknown}
 f - 2 potions of mutation {unknown}
 g - a potion of curing {unknown}
 i - a potion of berserk rage {unknown}

Dungeon Overview and Level Annotations

Branches:
Dungeon (4/15)
 Temple: D:4-7

Altars:
Elyvilon
Uskayaw


Message History

You kill the orc!
You hit the orc but do no damage. You barely miss the orc wizard.
The orc wizard hits you with a +0 club.
You have reached level 5!
Your magical nature develops, letting you fly swiftly and evasively.
You barely miss the orc priest. Your kick misses the orc priest.
Your peck misses the orc priest.
The orc priest is heavily wounded.
You hit the orc. You freeze the orc. You barely miss the orc wizard.
The orc barely misses you.
The orc priest mumbles some strange prayers to Beogh against you.
Pain shoots through your body!
The orc wizard points at you and mumbles some strange words.
You are more confused.
You hit the orc priest. You freeze the orc priest.
You kill the orc priest!
You closely miss the orc. You closely miss the orc wizard.
The orc closely misses you. The orc wizard hits you with a +0 club.
You feel your strength returning.
You feel your intelligence returning.
You closely miss the orc wizard.
You peck the orc wizard, but do no damage.
You miss the orc. The orc hits you with a +0 flail.
The orc wizard barely misses you.
A goblin comes into view. It is wielding a +0 dagger.
Found a leather armour, 20 gold pieces and a bubbling purple potion.
The goblin shouts!
You hear a shout!
The orc misses you.
Found 5 stones and 20 gold pieces.
A goblin comes into view. It is wielding a +0 club.
You closely miss the orc wizard. You closely miss the orc.
The orc closely misses you. The orc wizard hits you with a +0 club.
The orc barely misses you. The goblin misses you.
The orc wizard hits you with a +0 club.
You hit the orc wizard. You freeze the orc wizard.
Your peck misses the orc wizard.
The orc wizard is heavily wounded.
You miss the orc. You miss the goblin.
You feel less confused. The orc hits you with a +0 flail.
The goblin hits you with a +0 dagger.
You die...

.. #.# #.# ###
##'##
....#####...##
.............##
...g..........##
.#####..@o.....#
.#(!l#.g.o..)..+
.#$[:#......)..#
.#$$$#........##
.#####.......##
........#...##
........##'##
##.#######.# #.
#.#


You could see an iguana, an orc wizard, an orc and 2 goblins.

Vanquished Creatures
  An orc priest (D:4)
  2 adders (D:3)
  An ufetubus (D:4)
  2 worms (D:3)
  4 dart slugs
  4 orcs
  2 ball pythons
  10 endoplasms
  4 giant cockroaches
  6 goblins
  5 hobgoblins
  4 jackals (D:3)
  4 kobolds
  4 quokkas
  6 bats
  2 frilled lizards (D:2)
  7 rats
68 creatures vanquished.

Notes
Turn   | Place    | Note
-------+----------+-------------------------------------------
     0 | D:1      | qw the Tengu Warper began the quest for the Orb.
     0 | D:1      | Reached XP level 1. HP: 12/12 MP: 4/4
     0 | D:1      | 0 ||| qw: Version: 0.1-a-89-g26bdef1
     0 | D:1      | 0 ||| qw: Game counter: 2563
     0 | D:1      | 0 ||| qw: Always use a shield: true
     0 | D:1      | 0 ||| qw: God list: Okawaru
     0 | D:1      | 0 ||| qw: Allow faded altars: false
     0 | D:1      | 0 ||| qw: Do Orc after D:15 true
     0 | D:1      | 0 ||| qw: Do second Lair branch before Depths: true
     0 | D:1      | 0 ||| qw: Lair rune preference: random
     0 | D:1      | 0 ||| qw: Plans: Normal
     0 | D:1      | 0 ||| PLANNING D:1-11
   140 | D:1      | Reached XP level 2. HP: 13/17 MP: 6/6
   248 | D:1      | Reached skill level 3 in Axes
   257 | D:1      | 257 ||| Stepping ~*~*~tactically~*~*~ (stealth).
   263 | D:1      | 263 ||| Stepping ~*~*~tactically~*~*~ (stealth).
   473 | D:1      | 473 ||| DROPPING +0 club.
   783 | D:1      | 783 ||| READING scroll labelled PEIWUGHUQI.
   784 | D:1      | 784 ||| READING 2 scrolls labelled DOF TOVVADGH.
   788 | D:1      | 788 ||| READING scroll labelled TUSABY WYRR.
   789 | D:1      | 789 ||| READING scroll labelled ETRIKHL QIZESUE.
   790 | D:1      | 790 ||| DROPPING scroll of blinking.
   875 | D:2      | Reached XP level 3. HP: 20/21 MP: 7/7
   890 | D:2      | 890 ||| Stepping ~*~*~tactically~*~*~ (stealth).
   894 | D:2      | Found a hide-covered altar of Uskayaw.
   964 | D:2      | 964 ||| Stepping ~*~*~tactically~*~*~ (stealth).
   966 | D:2      | 966 ||| Stepping ~*~*~tactically~*~*~ (stealth).
   968 | D:2      | 968 ||| Stepping ~*~*~tactically~*~*~ (stealth).
   996 | D:2      | Found a faded altar of an unknown god.
  1148 | D:2      | Reached skill level 4 in Axes
  1207 | D:2      | 1207 ||| Stepping ~*~*~tactically~*~*~ (stealth).
  1208 | D:2      | 1208 ||| Stepping ~*~*~tactically~*~*~ (stealth).
  1517 | D:2      | 1517 ||| READING scroll labelled LYEBAPR YSIF.
  1518 | D:2      | 1518 ||| DRINKING 2 glowing purple potions.
  1519 | D:2      | 1519 ||| DROPPING potion of degeneration.
  1678 | D:3      | 1678 ||| Stepping ~*~*~tactically~*~*~ (stealth).
  1684 | D:3      | 1684 ||| Stepping ~*~*~tactically~*~*~ (stealth).
  1885 | D:3      | 1885 ||| Stepping ~*~*~tactically~*~*~ (stealth).
  1897 | D:3      | 1897 ||| Stepping ~*~*~tactically~*~*~ (stealth).
  1906 | D:3      | 1906 ||| Stepping ~*~*~tactically~*~*~ (stealth).
  1907 | D:3      | 1907 ||| Stepping ~*~*~tactically~*~*~ (stealth).
  1916 | D:3      | Reached XP level 4. HP: 24/26 MP: 8/8
  2025 | D:3      | 2025 ||| FLEEEEING.
  2038 | D:3      | 2038 ||| FLEEEEING.
  2039 | D:3      | 2039 ||| FLEEEEING.
  2180 | D:3      | 2180 ||| Stepping ~*~*~tactically~*~*~ (stealth).
  2197 | D:3      | Reached skill level 5 in Axes
  2347 | D:3      | 2347 ||| Stepping ~*~*~tactically~*~*~ (stealth).
  2361 | D:3      | 2361 ||| FLEEEEING.
  2362 | D:3      | 2362 ||| FLEEEEING.
  2366 | D:3      | 2366 ||| STAIRDANCE
  2395 | D:2      | 2395 ||| READING scroll labelled GOGHAMUGOP.
  2477 | D:3      | Found a white marble altar of Elyvilon.
  2666 | D:3      | 2666 ||| Stepping ~*~*~tactically~*~*~ (stealth).
  2667 | D:3      | 2667 ||| Stepping ~*~*~tactically~*~*~ (stealth).
  2995 | D:3      | 2995 ||| Stepping ~*~*~tactically~*~*~ (stealth).
  3100 | D:3      | 3100 ||| READING scroll labelled DEOCUU BOIG.
  3328 | D:4      | 3328 ||| Stepping ~*~*~tactically~*~*~ (stealth).
  3420 | D:4      | 3420 ||| Stepping ~*~*~tactically~*~*~ (stealth).
  3422 | D:4      | 3422 ||| Stepping ~*~*~tactically~*~*~ (hiding).
  3577 | D:4      | Gained mutation: Your magical nature lets you fly swiftly
                  | and evasively. [Tengu growth]
  3577 | D:4      | Reached XP level 5. HP: 15/30 MP: 9/9
  3579 | D:4      | HP: 7/30 [orc/+0 flail (2)]
  3585 | D:4      | HP: 4/30 [orc wizard/+0 club (2)]
  3586 | D:4      | HP: 1/30 [orc/+0 flail (3)]
  3586 | D:4      | Slain by a goblin

Levels and vault maps discovered:
D:1:      nzn_arrival_water_spiral, layout_loops_ring, minmay_tetromino_o2
D:2:      layout_basic, basic_altar, basic_ecumenical_altar
D:3:      layout_basic, elyvilon_altar_3, chequers_jeans
D:4:      layout_loops_corners, mainiacjoe_overflow_six_doors_small,
          due_unseen_surprise

Skill      XL: |  1  2  3  4 |
---------------+-------------+-----
Axes           | 3 4 5 |  5.9
Fighting       | |  2.0
Throwing       | |  1.0
Armour         | |  1.1
Dodging        | |  2.1
Spellcasting   | |  2.0
Translocations | |  2.4

Action                   |  1- 3 |  4- 6 || total
-------------------------+-------+-------++-------
Melee: Hand axe          |   100 |    76 ||   176
       Kick              |    15 |    14 ||    29
       Peck              |     9 |    14 ||    23
       Punch             |     1 |     1 ||     2
Throw: Boomerang         |     7 |       ||     7
  Use: Scroll            |     5 |     2 ||     7
       Potion            |     1 |       ||     1
Armor: Leather armour    |    32 |    15 ||    47
Dodge: Dodged            |    51 |    40 ||    91

Table legend:
 A = Non-vault XP
 B = Vault XP
 C = Vault XP percentage of total XP
 D = Non-vault monster count
 E = Vault monster count
 F = Vault count percentage of total count
                 A         B        C        D         E       F
            +---------+---------+-------+---------+---------+-------
      Total |     208 |       2 |   1.0 |      67 |       1 |   1.5
            +---------+---------+-------+---------+---------+-------
        D:1 |      29 |       2 |   6.5 |      15 |       1 |   6.2
        D:2 |      29 |       0 |   0.0 |      15 |       0 |   0.0
        D:3 |      85 |       0 |   0.0 |      29 |       0 |   0.0
        D:4 |      65 |       0 |   0.0 |       8 |       0 |   0.0
            +---------+---------+-------+---------+---------+-------
